 Dungeon Crawl Stone Soup version 0.18.1-8-gdd0e5ea (webtiles) character file.

160206 Denapoli the Shatterer (level 17, -25/205 HPs)
             Began as an Ogre Berserker on May 23, 2016.
             Was an Elder of Trog.
             Blown up by an orb spider (54 damage)
             ... with an orb of destruction
             ... on level 2 of the Spider Nest on May 24, 2016.
             The game lasted 01:52:27 (43775 turns).

Denapoli the Shatterer (Ogre Berserker)            Turns: 43775, Time: 01:52:27

Health: -25/205    AC:  2    Str: 37    XL:     17   Next: 76%
Magic:  5/5        EV: 11    Int:  8    God:    Trog [****..]
Gold:   2974       SH:  0    Dex: 10    Spells: 0 memorised, 16 levels left

rFire  . . .     SeeInvis +     k - +6 giant spiked club (antimagic)
rCold  . . .     Gourm    .     i - +0 troll leather armour
rNeg   . . .     Faith    +     (shield currently unavailable)
rPois  .         Spirit   .     b - +0 hat
rElec  .         Dismiss  .     M - +0 cloak
rCorr  .         Reflect  .     (gloves unavailable)
SustAt .         Harm     .     (boots unavailable)
MR     +++..     Clarity  +     v - amulet of faith
Stlth  +.........               q - ring of Powaokh {+Inv Str+2 Int+2 SInv}
                                x - +4 ring of protection

@: mighty, lethally poisoned (-25 -> -26), corroded, regenerating, very heavily
drained, extremely resistant to hostile enchantments, very unstealthy
A: unfitting armour, talons 1, clarity, tough skin 1, evolution 1
a: Berserk, Trog's Hand, Brothers in Arms, Burn Spellbooks, Renounce Religion,
Evoke Invisibility


You were on level 2 of the Spider Nest.
You worshipped Trog.
Trog was greatly pleased with you.
You were not hungry.

You visited 6 branches of the dungeon, and saw 31 of its levels.
You also visited: Ice Cave.

You collected 3532 gold pieces.
You spent 558 gold pieces at shops.

Inventory:

Hand Weapons
 k - a +6 antimagic giant spiked club (weapon)
 N - the +6 dire flail "Xomp" {crush, rPois}
   (Trog gifted it to you on level 6 of the Lair of Beasts)

   It inflicts extra damage upon your enemies.
   It protects you from poison.
 O - the +4 giant club of Distant Worlds {elec, rElec MR++ Int-2 Stlth+}
   (Trog gifted it to you on level 7 of the Lair of Beasts)

   Occasionally, upon striking a foe, it will discharge some electrical energy
   and cause terrible harm.
   It affects your intelligence (-2).
   It insulates you from electricity.
   It affects your resistance to hostile enchantments.
   It makes you more stealthy.
Missiles
 Y - 26 large rocks (quivered)
Armour
 b - a +0 hat (worn)
 i - a +0 troll leather armour (worn)
 M - a +0 cloak (worn)
Jewellery
 q - the ring of Powaokh (right hand) {+Inv Str+2 Int+2 SInv}
   (You bought it in a shop on level 8 of the Dungeon)

   [ring of see invisible]

   It affects your strength (+2).
   It affects your intelligence (+2).
   It lets you see invisible.
   It lets you turn invisible.
 v - an amulet of faith (around neck)
 x - a +4 ring of protection (left hand)
 J - a +3 amulet of reflection
 K - an uncursed ring of protection from magic
 U - an uncursed ring of ice
Wands
 c - a wand of confusion (18/48)
 p - a wand of enslavement (12/24)
 u - a wand of disintegration (0/24)
 E - a wand of flame (31/48)
 P - a wand of hasting (0/9)
 Q - a wand of heal wounds (1/9)
 R - a wand of iceblast (10/15)
 S - a wand of lightning (2/15)
 X - a wand of flame (32/48)
Scrolls
 d - 3 scrolls of immolation
 e - a scroll of identify
 f - 7 scrolls of magic mapping
 h - 5 scrolls of teleportation
 n - 12 scrolls of remove curse
 o - 2 scrolls of enchant weapon
 s - 2 scrolls of holy word
 z - a scroll of fog
 F - 3 scrolls of enchant armour
Potions
 a - 2 potions of invisibility {unknown}
 j - 3 potions of brilliance
 w - a potion of berserk rage
 G - a potion of mutation
Miscellaneous
 g - a stone of tremors (inert)
 B - a stone of tremors (inert)
 W - a box of beasts {used: 7}
Comestibles
 m - a royal jelly
 r - 37 fruits
 C - 12 beef jerkies
 L - 2 slices of pizza


   Skills:
 + Level 21.4(15.7) Fighting
 + Level 25.1(18.9) Maces & Flails
 + Level 8.4(4.1) Armour
 + Level 10.2(5.7) Dodging


You had 16 spell levels left.
You didn't know any spells.

Dungeon Overview and Level Annotations

Branches:
Dungeon (15/15)            Temple (0/1) D:6            Lair (8/8) D:10
  Swamp (2/4) Lair:4       Spider (2/4) Lair:5        Slime (0/6) Lair:6
    Orc (2/2) D:10            Elf (2/3) Orc:2        Vaults (0/5) D:14
 Depths (0/5) D:15

Altars:
Ashenzari
Cheibriados
Dithmenos
Elyvilon
Fedhas
Gozag
Kikubaaqudgha
Makhleb
Nemelex Xobeh
Okawaru
Pakellas
Qazlal
Ru
Trog
Xom
The Shining One
Beogh

Shops:
D:7 [   D:8 =   D:9 (   D:13 %*=!   Orc:1 ?   Orc:2 *[(*(

Annotations:
D:9 nikopol's ghost, novice MiBe


Innate Abilities, Weirdness & Mutations

You are too large for most types of armour.
You have tough skin (AC +1).
You have sharp toenails.
You possess an exceptional clarity of mind.
You evolve.


Message History

You feel sick.
The orb spider pulsates with a strange energy.
Drink which item? (? for menu, Esc to quit)
Okay, then.
You feel sick.
The orb of destruction hits a rock wall.
The rock wall explodes into countless fragments.
Your skin crawls.
You feel resistant to hostile enchantments.
You feel slightly more hungry.
You feel sick.
You feel sick.
You feel sick.
The orb spider weaves a glowing orb of energy.
An orb of destruction comes into view.
You feel sick.
A jumping spider comes into view.
You feel sick.
The jumping spider hisses angrily.
The orb of destruction hits you!
You die...

.y..# s... ... #..
..## ...# ##...#
###@...# #..§..##
##§..## ###.§..#
##.##s.##
#..#....#
###..#..†.# #
##.#.....#.# ...
##......s#####....


You could see a moth of wrath (wandering), an orb spider and a jumping spider.

Vanquished Creatures
  Frances (Swamp:1)
  A frost giant (IceCv)
  An orc warlord (Orc:2)
  Louise (Elf:1)
  A yaktaur captain (D:15)
  3 vault guards (D:14)
  9 hydras
  Erica (Lair:1)
  3 centaur warriors
  The ghost of nikopol the Spear-Bearer, a novice MiBe of Trog (IceCv)
  A catoblepas (D:14)
  7 dancing weapons
  A tengu warrior (D:13)
  10 death yaks
  Urug (Lair:3)
  4 orc high priests
  A spriggan (Swamp:1)
  6 deep elf knights
  2 wizards (D:14)
  An unseen horror (D:14)
  8 deep elf archers
  A hill giant (D:15)
  5 wolf spiders
  Pikel (D:6)
  3 necromancers (D:14)
  4 orb spiders (Spider:1)
  2 orc sorcerers
  40 deep elf magi
  13 ugly things
  3 cyclopes
  2 hornets
  A wolf spider (shapeshifter) (D:12)
  A griffon (Lair:5)
  2 manticores
  An oklob plant (D:4)
  13 black mambas
  2 torpor snails (Spider:1)
  6 centaur zombies
  8 elephants
  An ice statue (IceCv)
  A guardian serpent (Lair:8)
  A gargoyle (D:12)
  14 spiny frogs
  An efreet (D:14)
  A kobold demonologist (D:12)
  11 komodo dragons
  2 yaktaurs
  A tengu conjurer (D:13)
  6 demonic crawlers
  A harpy zombie (D:15)
  19 polar bears
  2 two-headed ogres
  7 jumping spiders
  3 giant leeches (Lair:4)
  2 trolls
  18 blink frogs
  11 slime creatures
  4 boulder beetles
  3 bog bodies (Swamp:1)
  2 water elementals
  6 wyverns
  9 tarantellas
  A vampire (D:13)
  2 air elementals
  18 redbacks
  13 hippogriffs
  A wraith (D:12)
  3 steam dragons
  5 basilisks
  4 fire elementals
  71 yaks
  A hungry ghost (D:14)
  17 humans (D:14)
  8 vampire mosquitoes
  2 mottled dragons
  2 wargs
  Edmund (D:5)
  6 insubstantial wisps
  3 swamp worms
  24 water moccasins
  A gnoll sergeant (D:6)
  A hell hound (IceCv)
  29 orc warriors
  4 swamp drakes (Lair:8)
  6 porcupines
  5 ice beasts
  A slave (D:6)
  3 phantoms
  20 wolves
  2 necrophages
  6 wasps
  14 ogres
  12 centaurs
  17 crocodiles
  A big kobold (D:11)
  2 earth elementals
  20 giant frogs
  A wyvern zombie (D:13)
  3 wyvern skeletons
  2 scorpions
  12 killer bees
  4 howler monkeys
  3 electric eels
  A lava snake (D:15)
  2 crimson imps
  2 quasits
  18 orc wizards
  15 jellies
  2 hounds
  A giant frog skeleton (D:6)
  15 orc priests
  7 centaur skeletons
  Crazy Yiuf (D:2)
  7 iguanas
  10 worker ants
  18 sheep
  2 hound skeletons (D:7)
  7 gnolls
  35 adders
  78 river rats
  3 shadow imps
  15 oozes
  2 adder zombies
  An adder skeleton (D:9)
  A worm (D:4)
  3 dart slugs
  4 giant geckos
  96 orcs
  3 giant cockroaches
  3 goblins
  10 hobgoblins
  20 jackals
  9 quokkas
  A ball python (D:4)
  9 bats
  6 giant newts
  21 kobolds
  A quokka skeleton (D:3)
  A quokka zombie (D:5)
  9 rats
  4 fungi
1092 creatures vanquished.

Vanquished Creatures (collateral kills)
  Maud (Orc:2)
  A fire dragon (Lair:8)
  Fannar (Orc:1)
  An entropy weaver (Spider:1)
  5 hydras
  A swamp dragon (Swamp:1)
  2 orb spiders (Spider:1)
  3 hornets (Spider:1)
  2 deep elf magi (Elf:1)
  6 wolf spiders (Spider:1)
  An ugly thing (D:11)
  A centaur zombie (D:12)
  A black mamba (Lair:8)
  A spiny frog (Lair:8)
  A rime drake (Lair:8)
  A demonic crawler (Spider:1)
  4 jumping spiders (Spider:1)
  A troll (Orc:2)
  2 blink frogs (Lair:5)
  A boulder beetle (Lair:8)
  3 redbacks (Spider:1)
  2 tarantellas (Spider:1)
  2 steam dragons (Lair:8)
  An orc warrior (D:11)
  A swamp drake (Lair:8)
  An ice beast (D:11)
  An ogre (Orc:2)
  2 wasps
  2 centaurs (D:12)
  A giant frog (D:6)
  A wyvern zombie (D:11)
  An orc priest (D:11)
  An orc wizard (Orc:2)
  An adder (D:8)
  A river rat (Lair:7)
  2 orcs
  A quokka (D:11)
61 creatures vanquished.

Vanquished Creatures (others)
  Nikola (Lair:4)
  A ghost crab (Swamp:1)
  A manticore (D:5)
  2 polar bears (IceCv)
  An air elemental (Elf:2)
  A sky beast (D:10)
  A slave (D:6)
  4 wolves (IceCv)
  A crimson imp (D:6)
  A hound (D:6)
  2 gnolls (D:6)
  A giant newt (D:6)
  19 fungi
  14 plants
  28 toadstools
78 creatures vanquished.

Grand Total: 1231 creatures vanquished

Notes
Turn   | Place    | Note
--------------------------------------------------------------
     0 | D:1      | Denapoli the Ogre Berserker began the quest for the Orb.
     0 | D:1      | Reached XP level 1. HP: 24/24 MP: 1/1
   132 | D:1      | Reached XP level 2. HP: 19/32 MP: 2/2
   814 | D:2      | Found a sparkling altar of Nemelex Xobeh.
   905 | D:2      | Reached XP level 3. HP: 24/40 MP: 3/3
   910 | D:2      | Found an ancient bone altar of Kikubaaqudgha.
  1126 | D:2      | Found a faded altar to an unknown god.
  1134 | D:2      | Reached skill level 5 in Maces & Flails
  1251 | D:2      | Reached ** piety under Trog
  1253 | D:2      | Reached skill level 5 in Fighting
  1333 | D:2      | Reached XP level 4. HP: 27/50 MP: 4/4
  1642 | D:2      | Noticed Crazy Yiuf
  1653 | D:2      | Killed Crazy Yiuf
  1767 | D:2      | Reached XP level 5. HP: 57/59 MP: 5/5
  1857 | D:2      | Found a sacrificial altar of Ru.
  1925 | D:3      | Noticed an ice beast
  1948 | D:3      | Killed an ice beast
  1948 | D:3      | Reached skill level 6 in Maces & Flails
  1948 | D:3      | Reached XP level 6. HP: 68/68 MP: 6/6
  2218 | D:3      | Found a stormy altar of Qazlal.
  2609 | D:3      | Reached *** piety under Trog
  2887 | D:3      | Found an iron altar of Okawaru.
  2887 | D:3      | Found a glowing golden altar of the Shining One.
  2942 | D:4      | Reached skill level 7 in Maces & Flails
  2942 | D:4      | Reached XP level 7. HP: 69/78 MP: 7/7
  3094 | D:4      | Found a snail-covered altar of Cheibriados.
  3236 | D:4      | Reached skill level 8 in Maces & Flails
  3448 | D:4      | Found a blossoming altar of Fedhas.
  3467 | D:4      | Noticed an oklob plant
  3589 | D:5      | Entered Level 5 of the Dungeon
  3596 | D:5      | Reached **** piety under Trog
  3642 | D:5      | Reached XP level 8. HP: 89/89 MP: 8/8
  4104 | D:5      | Found an oddly glowing altar of Pakellas.
  4105 | D:5      | Noticed a manticore
  4108 | D:5      | Killed a manticore
  4198 | D:5      | Noticed Edmund
  4224 | D:5      | Killed Edmund
  4532 | D:5      | Reached skill level 9 in Maces & Flails
  4583 | D:6      | Found an opulent altar of Gozag.
  4583 | D:6      | Found a sparkling altar of Nemelex Xobeh.
  4583 | D:6      | Found a bloodstained altar of Trog.
  4628 | D:6      | Noticed Pikel
  4640 | D:6      | Noticed a two-headed ogre
  4640 | D:6      | a slave changed into a two-headed ogre
  4648 | D:6      | Killed a two-headed ogre
  4660 | D:6      | Killed Pikel
  4660 | D:6      | Reached skill level 10 in Fighting
  4660 | D:6      | Reached skill level 5 in Dodging
  4765 | D:6      | Reached skill level 10 in Maces & Flails
  4765 | D:6      | Reached XP level 9. HP: 67/101 MP: 9/9
  5028 | D:6      | Found a staircase to the Ecumenical Temple.
  5272 | D:6      | Found a burning altar of Makhleb.
  5381 | D:6      | Found a shadowy altar of Dithmenos.
  5842 | D:6      | Gained mutation: Scrolls take you a little longer to read. [potion of mutation]
  5842 | D:6      | Gained mutation: Scrolls take you longer to read. [potion of mutation]
  5842 | D:6      | Gained mutation: Armour fits poorly on your strangely shaped body. [potion of mutation]
  5843 | D:6      | Lost mutation: Scrolls take you longer to read. [potion of cure mutation]
  5843 | D:6      | Lost mutation: Armour fits poorly on your strangely shaped body. [potion of cure mutation]
  5843 | D:6      | Lost mutation: Scrolls take you a little longer to read. [potion of cure mutation]
  6001 | D:7      | Found Haddis's Antique Armour Emporium.
  6004 | D:7      | Bought a hat for 76 gold pieces
  6004 | D:7      | Bought a thick robe for 108 gold pieces
  6014 | D:7      | Identified the +2 robe "Fohimiz" {Stlth+} (You bought it in a shop on level 7 of the Dungeon)
  6102 | D:7      | Reached ***** piety under Trog
  6973 | D:7      | Reached skill level 11 in Maces & Flails
  7119 | D:8      | Noticed a green ugly thing
  7132 | D:8      | Killed a green ugly thing
  7191 | D:8      | Received a gift from Trog
  7322 | D:8      | Noticed a deep elf mage
  7334 | D:8      | Killed a deep elf mage
  7334 | D:8      | Reached XP level 10. HP: 115/115 MP: 10/10
  7384 | D:8      | Reached skill level 12 in Maces & Flails
  7576 | D:8      | Found Osmiyn's Jewellery Emporium.
  7580 | D:8      | Bought the ring of Powaokh {+Inv Str+2 Int+2 SInv} for 374 gold pieces
  7706 | D:8      | Found a shattered altar of Ashenzari.
  7715 | D:8      | Found a shimmering altar of Xom.
  8409 | D:9      | Noticed nikopol's ghost (novice MiBe)
  8452 | D:9      | Found Oneesakh's Weapon Emporium.
  8692 | D:9      | Reached skill level 13 in Maces & Flails
  8953 | D:10     | Entered Level 10 of the Dungeon
  9091 | D:10     | Found a staircase to the Lair.
  9102 | D:10     | Noticed a spiny frog
  9112 | D:10     | Killed a spiny frog
  9495 | D:10     | Reached XP level 11. HP: 112/126 MP: 11/11
  9522 | D:10     | Found a staircase to the Orcish Mines.
  9573 | D:10     | Found an iron altar of Okawaru.
  9596 | D:10     | Reached skill level 14 in Maces & Flails
 10060 | D:10     | Found a white marble altar of Elyvilon.
 10396 | D:11     | Noticed a brown ugly thing
 10407 | D:11     | Killed a brown ugly thing
 10514 | D:11     | Noticed an eight-headed hydra
 10519 | D:11     | Killed an eight-headed hydra
 10524 | D:11     | Received a gift from Trog
 11275 | D:11     | Noticed a five-headed hydra
 11279 | D:11     | Killed a five-headed hydra
 11388 | D:12     | Reached skill level 15 in Maces & Flails
 11684 | D:12     | Noticed an eight-headed hydra
 11727 | D:12     | Killed an eight-headed hydra
 11727 | D:12     | Reached skill level 15 in Fighting
 11870 | D:12     | Noticed a hill giant
 11890 | D:12     | Noticed a wolf spider
 11890 | D:12     | a hill giant changed into a wolf spider
 11895 | D:12     | Killed a wolf spider
 11926 | D:12     | Noticed a white ugly thing
 11976 | Lair:1   | Entered Level 1 of the Lair of Beasts
 12030 | Lair:1   | Noticed Erica
 12041 | Lair:1   | Killed Erica
 12041 | Lair:1   | Reached XP level 12. HP: 128/143 MP: 12/12
 12535 | Lair:1   | Reached skill level 16 in Maces & Flails
 13840 | Lair:2   | Found a frozen archway.
 13847 | IceCv    | Entered an ice cave
 14387 | IceCv    | Noticed nikopol's ghost (novice MiBe)
 14399 | IceCv    | Killed nikopol's ghost
 14881 | IceCv    | Reached skill level 17 in Maces & Flails
 15348 | IceCv    | Received a gift from Trog
 16019 | IceCv    | Noticed a death yak
 16019 | IceCv    | Noticed a frost giant
 16049 | IceCv    | Killed a frost giant
 16049 | IceCv    | Reached XP level 13. HP: 105/157 MP: 13/13
 16704 | Lair:2   | Reached skill level 18 in Maces & Flails
 17853 | Lair:2   | HP: 7/158 [blink frog (17)]
 17969 | Lair:3   | Noticed Urug
 17992 | Lair:3   | Killed Urug
 19193 | Lair:3   | Received a gift from Trog
 19942 | Lair:4   | Found a staircase to the Swamp.
 19975 | Lair:4   | Reached skill level 19 in Maces & Flails
 20134 | Orc:1    | Entered Level 1 of the Orcish Mines
 20134 | Orc:1    | Noticed Fannar
 20288 | Orc:1    | Killed Fannar
 20351 | Orc:1    | Found Assog's Magic Scroll Emporium.
 20768 | Orc:2    | Entered Level 2 of the Orcish Mines
 20768 | Orc:2    | Found a staircase to the Elven Halls.
 21064 | Orc:2    | Found a bloodstained altar of Trog.
 21195 | Orc:2    | Found a roughly hewn altar of Beogh.
 21231 | Orc:2    | Found Kentor's Antique Weapon Boutique.
 21446 | Orc:2    | Noticed Maud
 21454 | Orc:2    | Killed Maud
 21454 | Orc:2    | Reached XP level 14. HP: 129/172 MP: 14/14
 21628 | Orc:2    | Found Wiypsuimid's Assorted Antiques.
 21867 | Orc:2    | Found a roughly hewn altar of Beogh.
 21867 | Orc:2    | Found Mogiupul's General Store.
 21979 | Orc:2    | Noticed an orc warlord
 21989 | Orc:2    | Received a gift from Trog
 22029 | Orc:2    | Killed an orc warlord
 22448 | Orc:2    | Found Disair's Antique Weapon Boutique.
 22722 | Orc:2    | Found a roughly hewn altar of Beogh.
 22730 | Orc:2    | Found Kautsit's Antique Armour Shop.
 22790 | Orc:2    | Found a roughly hewn altar of Beogh.
 23672 | Lair:4   | Reached skill level 20 in Maces & Flails
 24796 | Lair:5   | Found a hole to the Spider Nest.
 25109 | Lair:5   | Paralysed by a wasp for 2 turns
 25125 | Lair:5   | Received a gift from Trog
 25452 | Lair:5   | Received a gift from Trog
 26327 | Lair:6   | Reached skill level 21 in Maces & Flails
 26328 | Lair:6   | Found a staircase to the Slime Pits.
 26547 | Lair:6   | Found a sparkling altar of Nemelex Xobeh.
 27024 | Lair:6   | Received a gift from Trog
 27044 | Lair:6   | Got a translucent dire flail {god gift}
 27172 | Lair:6   | Identified the +6 dire flail "Xomp" {crush, rPois} (Trog gifted it to you on level 6 of the Lair of Beasts)
 27575 | Lair:7   | Reached skill level 22 in Maces & Flails
 27583 | Lair:7   | Reached XP level 15. HP: 87/183 MP: 15/15
 27794 | Lair:7   | Reached skill level 1 in Armour
 27833 | Lair:7   | Received a gift from Trog
 27851 | Lair:7   | Got a twisted giant club {god gift}
 27852 | Lair:7   | Identified the +4 giant club of Distant Worlds {elec, rElec MR++ Int-2 Stlth+} (Trog gifted it to you on level 7 of the Lair of Beasts)
 28212 | Lair:8   | Entered Level 8 of the Lair of Beasts
 28380 | Lair:8   | Reached ****** piety under Trog
 29732 | Lair:8   | Received a gift from Trog
 30152 | Lair:7   | Reached skill level 23 in Maces & Flails
 31020 | D:13     | Received a gift from Trog
 31028 | D:13     | Got a twisted triple sword {god gift}
 31029 | D:13     | Identified the +1 triple sword of Eternal Night {slice, rN+ Dex+3 Stlth+} (Trog gifted it to you on level 13 of the Dungeon)
 31176 | D:13     | Found Ulesh's General Store.
 31181 | D:13     | Found Atilog's Food Shop.
 31266 | D:13     | Found Nutyteun's Jewellery Boutique.
 31547 | D:13     | Reached skill level 5 in Armour
 31770 | D:13     | Found Ziothal's Distillery.
 31992 | D:14     | Gained mutation: You are robust (+10% HP). [mutagenic meat]
 31993 | D:14     | Gained mutation: Your muscles are strong. (Str +2) [mutagenic meat]
 31994 | D:14     | Gained mutation: Your spells are a little easier to cast, but a little less powerful. [mutagenic meat]
 31995 | D:14     | Lost mutation: You are robust (+10% HP). [mutagenic meat]
 31996 | D:14     | Gained mutation: You are occasionally teleported next to monsters. [mutagenic meat]
 32466 | D:14     | Received a gift from Trog
 32466 | D:14     | Reached XP level 16. HP: 188/192 MP: 5/16
 32575 | D:14     | Reached skill level 24 in Maces & Flails
 32595 | D:14     | Found a gate to the Vaults.
 32890 | D:15     | Entered Level 15 of the Dungeon
 33118 | D:15     | Lost mutation: Your spells are a little easier to cast, but a little less powerful. [potion of cure mutation]
 33118 | D:15     | Lost mutation: Your muscles are strong. (Str +2) [potion of cure mutation]
 33119 | D:15     | Lost mutation: You are occasionally teleported next to monsters. [potion of cure mutation]
 33181 | D:15     | Gained mutation: You possess an exceptional clarity of mind. [mutagenic meat]
 33182 | D:15     | Gained mutation: Scrolls take you a little longer to read. [mutagenic meat]
 33183 | D:15     | Gained mutation: You evolve. [mutagenic meat]
 33373 | D:15     | Received a gift from Trog
 33503 | D:15     | Lost mutation: Scrolls take you a little longer to read. [evolution]
 33727 | D:15     | Found a staircase to the Depths.
 34192 | Elf:1    | Entered Level 1 of the Elven Halls
 34263 | Elf:1    | Noticed Louise
 34283 | Elf:1    | Received a gift from Trog
 34294 | Elf:1    | Killed Louise
 34900 | Elf:1    | Found Azxaelam's Assorted Antiques.
 35110 | Elf:1    | Reached XP level 17. HP: 55/204 MP: 5/17
 35848 | Elf:2    | Found a runed gate.
 35848 | Elf:2    | Found a runed gate.
 35849 | Elf:2    | Found a runed gate.
 36773 | Lair:5   | Received a gift from Trog
 36941 | Spider:1 | Entered Level 1 of the Spider Nest
 39721 | Swamp:1  | Entered Level 1 of the Swamp
 39721 | Swamp:1  | Noticed Nikola
 40127 | Swamp:1  | Noticed Frances
 40216 | Lair:4   | Killed Nikola
 40971 | Lair:4   | Gained mutation: You have sharp toenails. [potion of beneficial mutation]
 40986 | Swamp:1  | Killed Frances
 41496 | Swamp:1  | Paralysed by a hornet for 2 turns
 41988 | Spider:1 | Reached skill level 25 in Maces & Flails
 42015 | Spider:1 | Reached skill level 10 in Dodging
 42899 | Spider:1 | Paralysed by a hornet for 3 turns
 43775 | Spider:2 | Blown up by an orb spider

Skill      XL: |  1  2  3  4  5  6  7  8  9 10 11 12 13 14 15 16 17 |
---------------+----------------------------------------------------+-----
Maces & Flails | 5 6 7 8 10 11 13 15 17 19 22 23 24 25 | 25.1
Fighting       | 5 6 7 8 10 11 13 15 17 19 20 21 | 21.4
Dodging        | 3 4 5 6 7 9 10 | 10.2
Armour         | 5 7 8 |  8.4

Action                   |  1- 3 |  4- 6 |  7- 9 | 10-12 | 13-15 | 16-18 || total
-------------------------+-------+-------+-------+-------+-------+-------++-------
Melee: Mace              |   102 |    22 |       |       |       |       ||   124
       Quarterstaff      |       |   138 |   303 |   687 |       |       ||  1128
       Giant spiked club |       |       |       |    55 |   990 |   724 ||  1769
       Dire flail        |       |       |       |       |   124 |    94 ||   218
       Giant club        |       |       |       |       |   148 |    67 ||   215
       Kick              |       |       |       |       |       |    52 ||    52
Throw: Large rock        |       |       |       |       |     7 |     5 ||    12
Invok: Berserk           |     2 |       |     3 |     4 |     9 |     7 ||    25
       Trog's Hand       |       |     2 |     2 |     7 |    21 |    28 ||    60
       Burn Spellbooks   |       |       |     1 |     3 |     6 |     3 ||    13
       Brothers in Arms  |       |       |     2 |    10 |     7 |    12 ||    31
 Abil: Evoke Invisibilit |       |       |       |     1 |       |       ||     1
Evoke: Wand              |       |       |       |     7 |    15 |    29 ||    51
       Box of beasts     |       |       |       |       |     1 |     6 ||     7
       Stone of tremors  |       |       |       |       |     1 |     1 ||     2
  Use: Potion            |     2 |     2 |     5 |     8 |     3 |    24 ||    44
       Scroll            |       |       |    16 |     7 |    22 |    25 ||    70
 Stab: Sleeping          |       |     1 |     2 |     5 |     2 |       ||    10
       Paralysed         |       |     1 |       |     1 |       |       ||     2
       Confused          |       |       |     1 |     4 |       |       ||     5
       Invisible         |       |       |       |     1 |       |       ||     1
       Distracted        |       |       |       |     1 |     1 |     2 ||     4
       Petrifying        |       |       |       |     1 |       |       ||     1
       Petrified         |       |       |       |     1 |       |       ||     1
  Eat: Chunk             |     3 |     2 |     8 |    12 |    43 |    17 ||    85
       Bread ration      |       |     1 |     2 |     2 |     2 |     6 ||    13
       Fruit             |       |       |     4 |       |     1 |       ||     5
       Beef jerky        |       |       |       |     1 |     1 |     1 ||     3
       Meat ration       |       |       |       |     3 |     3 |     2 ||     8
       Pizza             |       |       |       |       |     1 |       ||     1
       Royal jelly       |       |       |       |       |       |     1 ||     1
Armor: Animal skin       |    31 |    69 |   101 |       |       |       ||   201
       Robe              |       |       |    39 |   196 |   165 |       ||   400
       Skin              |       |       |       |    31 |       |       ||    31
       Troll leather arm |       |       |       |       |   186 |   410 ||   596
Dodge: Dodged            |    62 |   101 |   206 |   430 |   754 |   449 ||  2002
